3121 views
Uploaded 2019-12-01 20:38:32
Game version 1.32.0.2 / 1.32.0.2.1
32:20 long 3on3 ladder game on (8)Mur'gulOasis_LV
Saved by BEARAND
3121 views
Uploaded 2019-12-01 20:38:32
Game version 1.32.0.2 / 1.32.0.2.1
32:20 long 3on3 ladder game on (8)Mur'gulOasis_LV


167 units @ 26k
/ 3k
51 buildings @ 7.7k
/ 3.3k


| Dust of Appearance | 1 | 75 |
| total: | 1 | 75g |
| Acolyte | 18 | 1350 | / | 0 |
| Ghoul | 7 | 840 | / | 0 |
| Crypt Fiend | 25 | 5375 | / | 1000 |
| Frost Wyrm | 7 | 2695 | / | 840 |
| Makrura Snapper | 1 | 315 | / | 0 |
| total: | 58 | 10575g | / | 1840w |
| Spirit Tower | 5 | 725 | / | 200 |
| Nerubian Tower | 2 | 200 | / | 40 |
| Ziggurat | 8 | 1200 | / | 400 |
| Altar of Darkness | 1 | 180 | / | 50 |
| Crypt | 1 | 200 | / | 50 |
| Graveyard | 1 | 215 | / | 0 |
| Tomb of Relics | 1 | 130 | / | 30 |
| Sacrificial Pit | 1 | 75 | / | 150 |
| Boneyard | 3 | 525 | / | 600 |
| Halls of the Dead | 1 | 320 | / | 210 |
| Black Citadel | 1 | 325 | / | 230 |
| total: | 16 | 2525g | / | 1280w |
| 0:12 | Acolyte |
| 0:13 | Acolyte |
| 0:27 | Ziggurat |
| 0:31 | Ziggurat |
| 0:33 | Ziggurat |
| 0:49 | Acolyte |
| 1:10 | Altar of Darkness |
| 1:45 | Crypt |
| 2:21 | Graveyard |
| 2:46 | Tomb of Relics |
| 2:50 | Ghoul |
| 2:50 | Ghoul |
| 2:51 | Ghoul |
| 3:22 | Acolyte |
| 3:23 | Acolyte |
| 3:34 | Unholy Aura |
| 3:37 | Acolyte |
| 3:49 | Crypt Fiend |
| 4:09 | Spirit Tower |
| 4:32 | Spirit Tower |
| 4:36 | Crypt Fiend |
| 5:07 | Crypt Fiend |
| 5:07 | Crypt Fiend |
| 5:07 | Crypt Fiend |
| 5:38 | Acolyte |
| 5:38 | Acolyte |
| 5:52 | Dust of Appearance |
| 6:08 | Crypt Fiend |
| 6:49 | Death Coil |
| 7:02 | Makrura Snapper |
| 7:10 | Crypt Fiend |
| 7:18 | Crypt Fiend |
| 7:48 | Ziggurat |
| 7:49 | Ziggurat |
| 8:28 | Unholy Aura |
| 8:52 | Crypt Fiend |
| 8:52 | Crypt Fiend |
| 9:02 | Creature Attack |
| 9:03 | Creature Carapace |
| 9:51 | Crypt Fiend |
| 9:51 | Crypt Fiend |
| 9:51 | Crypt Fiend |
| 10:34 | Halls of the Dead |
| 10:36 | Crypt Fiend |
| 10:48 | Death Coil |
| 11:43 | Crypt Fiend |
| 11:44 | Crypt Fiend |
| 11:44 | Crypt Fiend |
| 11:44 | Crypt Fiend |
| 12:43 | Crypt Fiend |
| 12:43 | Crypt Fiend |
| 12:52 | Ziggurat |
| 12:53 | Ziggurat |
| 12:54 | Ziggurat |
| 13:05 | Unholy Aura |
| 14:26 | Crypt Fiend |
| 14:51 | Acolyte |
| 14:52 | Acolyte |
| 14:52 | Acolyte |
| 14:53 | Acolyte |
| 16:14 | Sacrificial Pit |
| 16:27 | Black Arrow |
| 17:34 | Acolyte |
| 17:56 | Life Drain |
| 18:05 | Black Citadel |
| 19:58 | Spirit Tower |
| 20:00 | Nerubian Tower |
| 20:01 | Nerubian Tower |
| 20:03 | Spirit Tower |
| 20:04 | Spirit Tower |
| 20:19 | Crypt Fiend |
| 20:19 | Crypt Fiend |
| 20:19 | Crypt Fiend |
| 20:20 | Crypt Fiend |
| 22:22 | Acolyte |
| 22:42 | Acolyte |
| 22:42 | Acolyte |
| 22:42 | Acolyte |
| 22:42 | Acolyte |
| 22:46 | Improved Creature Attack |
| 22:46 | Improved Creature Carapace |
| 22:56 | Boneyard |
| 22:59 | Boneyard |
| 23:02 | Boneyard |
| 24:20 | Black Arrow |
| 24:32 | Frost Wyrm |
| 24:40 | Ghoul |
| 24:40 | Ghoul |
| 24:40 | Ghoul |
| 24:40 | Ghoul |
| 27:08 | Frost Wyrm |
| 27:08 | Frost Wyrm |
| 27:09 | Frost Wyrm |
| 27:09 | Frost Wyrm |
| 28:40 | Silence |
| 28:51 | Frost Wyrm |
| 28:51 | Frost Wyrm |
| 29:35 | Advanced Creature Attack |
| 29:35 | Advanced Creature Carapace |
| Right click | 1012 |
| Select | 397 |
| Build/train/purchase | 94 |
| Select group | 68 |
| Use ability | 39 |
| Assign group | 33 |
| Misc. action | 23 |
| Chat | 17 |
| Remove unit | 2 |
| Esc | 2 |
| Item give/drop | 1 |
| Minimap ping | 1 |



| Scroll of Regeneration | 1 | 100 |
| total: | 1 | 100g |
| Peasant | 26 | 1950 | / | 0 |
| Footman | 10 | 1350 | / | 0 |
| Priest | 8 | 1080 | / | 80 |
| Sorceress | 3 | 465 | / | 60 |
| Spell Breaker | 5 | 1075 | / | 150 |
| Rifleman | 11 | 2255 | / | 330 |
| Dragonhawk Rider | 6 | 1200 | / | 180 |
| total: | 69 | 9375g | / | 800w |
| Scout Tower | 1 | 30 | / | 20 |
| Arcane Tower | 1 | 70 | / | 50 |
| Altar of Kings | 1 | 180 | / | 50 |
| Barracks | 1 | 160 | / | 60 |
| Farm | 9 | 720 | / | 180 |
| Arcane Vault | 1 | 130 | / | 30 |
| Lumber Mill | 1 | 120 | / | 0 |
| Blacksmith | 1 | 140 | / | 60 |
| Town Hall | 2 | 770 | / | 410 |
| Arcane Sanctum | 2 | 300 | / | 280 |
| Gryphon Aviary | 2 | 280 | / | 300 |
| Keep | 1 | 320 | / | 210 |
| Castle | 1 | 360 | / | 210 |
| total: | 21 | 2830g | / | 1390w |
| 0:04 | Peasant |
| 0:12 | Altar of Kings |
| 0:23 | Barracks |
| 0:27 | Peasant |
| 0:33 | Farm |
| 0:36 | Peasant |
| 0:46 | Peasant |
| 0:58 | Farm |
| 1:17 | Peasant |
| 1:17 | Peasant |
| 1:24 | Footman |
| 1:38 | Arcane Vault |
| 1:42 | Peasant |
| 1:53 | Footman |
| 2:03 | Peasant |
| 2:10 | Farm |
| 2:18 | Summon Water Elemental |
| 2:49 | Footman |
| 2:49 | Footman |
| 3:11 | Brilliance Aura |
| 3:29 | Scout Tower |
| 3:41 | Peasant |
| 3:44 | Footman |
| 4:41 | Keep |
| 4:43 | Arcane Tower |
| 4:46 | Lumber Mill |
| 4:50 | Blacksmith |
| 5:02 | Footman |
| 5:02 | Footman |
| 5:03 | Summon Water Elemental |
| 5:41 | Footman |
| 5:42 | Footman |
| 5:58 | Footman |
| 6:35 | Black Gunpowder |
| 6:41 | Studded Leather Armor |
| 6:48 | Farm |
| 6:50 | Farm |
| 6:51 | Farm |
| 7:00 | Scroll of Regeneration |
| 7:21 | Arcane Sanctum |
| 7:23 | Arcane Sanctum |
| 7:28 | Farm |
| 7:32 | Farm |
| 7:38 | Improved Lumber Harvesting |
| 7:47 | Peasant |
| 7:47 | Peasant |
| 7:47 | Peasant |
| 8:51 | Brilliance Aura |
| 8:56 | Priest |
| 8:56 | Priest |
| 8:57 | Sorceress |
| 8:57 | Sorceress |
| 8:58 | Spell Breaker |
| 9:43 | Rifleman |
| 9:43 | Rifleman |
| 10:51 | Rifleman |
| 11:56 | Rifleman |
| 11:56 | Rifleman |
| 12:03 | Castle |
| 12:04 | Priest Adept Training |
| 12:06 | Storm Bolt |
| 13:50 | Spell Breaker |
| 13:51 | Spell Breaker |
| 13:52 | Priest |
| 13:53 | Sorceress |
| 13:58 | Rifleman |
| 15:01 | Rifleman |
| 15:17 | Priest Master Training |
| 15:21 | Priest |
| 15:33 | Refined Gunpowder |
| 16:55 | Rifleman |
| 16:55 | Rifleman |
| 17:18 | Priest |
| 17:18 | Priest |
| 17:25 | Bash |
| 17:44 | Town Hall |
| 19:23 | Rifleman |
| 19:24 | Rifleman |
| 19:25 | Spell Breaker |
| 19:35 | Spell Breaker |
| 19:57 | Farm |
| 22:02 | Peasant |
| 22:41 | Summon Water Elemental |
| 23:14 | Town Hall |
| 23:18 | Reinforced Leather Armor |
| 23:25 | Holy Light |
| 24:12 | Gryphon Aviary |
| 24:15 | Gryphon Aviary |
| 24:52 | Advanced Lumber Harvesting |
| 24:54 | Peasant |
| 24:54 | Peasant |
| 24:54 | Peasant |
| 24:54 | Peasant |
| 25:22 | Peasant |
| 25:23 | Peasant |
| 25:23 | Peasant |
| 25:23 | Peasant |
| 25:51 | Dragonhawk Rider |
| 25:53 | Dragonhawk Rider |
| 25:54 | Cloud |
| 26:46 | Dragonhawk Rider |
| 26:48 | Dragonhawk Rider |
| 27:41 | Dragonhawk Rider |
| 27:42 | Dragonhawk Rider |
| 29:07 | Peasant |
| 29:07 | Peasant |
| 29:07 | Peasant |
| 29:08 | Peasant |
| 29:08 | Peasant |
| 29:31 | Priest |
| 29:31 | Priest |
| Right click | 777 |
| Select | 442 |
| Select group | 418 |
| Misc. action | 179 |
| Build/train/purchase | 138 |
| Assign group | 59 |
| Use ability | 32 |
| Esc | 2 |

| Circlet of Nobility | 1 | 175 |
| total: | 1 | 175g |
| Peon | 10 | 750 | / | 0 |
| Grunt | 15 | 3000 | / | 0 |
| Troll Headhunter | 4 | 560 | / | 80 |
| Demolisher | 3 | 660 | / | 150 |
| Shaman | 8 | 1040 | / | 160 |
| total: | 40 | 6010g | / | 390w |
| Barracks | 2 | 360 | / | 100 |
| Altar of Storms | 1 | 180 | / | 50 |
| Orc Burrow | 9 | 1440 | / | 360 |
| War Mill | 1 | 205 | / | 0 |
| Spirit Lodge | 1 | 150 | / | 150 |
| Stronghold | 1 | 315 | / | 190 |
| Fortress | 1 | 325 | / | 190 |
| total: | 14 | 2335g | / | 660w |
| 0:18 | Barracks |
| 0:22 | Altar of Storms |
| 0:31 | Orc Burrow |
| 0:36 | Peon |
| 0:36 | Peon |
| 0:52 | Peon |
| 3:15 | Grunt |
| 3:19 | Grunt |
| 3:19 | Grunt |
| 3:29 | Orc Burrow |
| 3:40 | Peon |
| 4:04 | Peon |
| 4:05 | Peon |
| 4:20 | Healing Wave |
| 4:25 | Orc Burrow |
| 4:38 | War Mill |
| 4:59 | Grunt |
| 5:23 | Barracks |
| 5:41 | Grunt |
| 6:19 | Hex |
| 6:33 | Orc Burrow |
| 6:38 | Grunt |
| 7:04 | Circlet of Nobility |
| 7:14 | Steel Armor |
| 7:15 | Spiked Barricades |
| 7:37 | Orc Burrow |
| 7:43 | Pillage |
| 8:04 | Troll Headhunter |
| 8:05 | Troll Headhunter |
| 8:18 | Troll Headhunter |
| 8:48 | Steel Ranged Weapons |
| 8:58 | Troll Headhunter |
| 10:26 | Stronghold |
| 10:28 | Steel Melee Weapons |
| 11:13 | Healing Wave |
| 11:41 | Orc Burrow |
| 13:19 | Grunt |
| 13:27 | Spirit Lodge |
| 13:32 | Thorium Armor |
| 13:51 | Berserker Strength |
| 13:52 | Troll Regeneration |
| 13:57 | Fortress |
| 14:03 | Orc Burrow |
| 14:07 | Improved Spiked Barricades |
| 14:24 | Grunt |
| 14:48 | Shaman Adept Training |
| 15:13 | Demolisher |
| 16:00 | Shaman |
| 16:01 | Shaman |
| 16:01 | Shaman |
| 16:01 | Shaman |
| 16:01 | Shaman |
| 16:01 | Shaman |
| 16:01 | Shaman |
| 16:02 | Shaman |
| 16:20 | Peon |
| 16:20 | Peon |
| 16:20 | Peon |
| 16:44 | Shaman Master Training |
| 17:38 | Peon |
| 17:47 | Thorium Melee Weapons |
| 18:02 | Arcanite Armor |
| 18:07 | Grunt |
| 18:28 | Grunt |
| 19:22 | Orc Burrow |
| 19:29 | Orc Burrow |
| 19:43 | Burning Oil |
| 20:19 | Demolisher |
| 20:21 | Demolisher |
| 22:20 | Grunt |
| 22:21 | Grunt |
| 22:25 | Hex |
| 23:42 | Grunt |
| 23:42 | Grunt |
| 26:41 | Grunt |
| Right click | 642 |
| Select | 296 |
| Select group | 172 |
| Misc. action | 71 |
| Build/train/purchase | 66 |
| Use ability | 30 |
| Resource trade | 24 |
| Assign group | 14 |
| Remove unit | 1 |
| Minimap ping | 1 |
61 units @ 5.1k
/ 0.2k
246 buildings @ 17.3k
/ 10.3k



| Healing Salve | 2 | 200 |
| Lesser Clarity Potion | 1 | 70 |
| Orb of Lightning | 2 | 750 |
| Potion of Healing | 2 | 300 |
| Potion of Mana | 2 | 400 |
| Staff of Teleportation | 3 | 450 |
| Boots of Speed | 3 | 750 |
| Staff of Sanctuary | 3 | 750 |
| total: | 18 | 3670g |
| Peon | 14 | 1050 | / | 0 |
| Troll Batrider | 5 | 800 | / | 200 |
| total: | 19 | 1850g | / | 200w |
| Watch Tower | 63 | 6930 | / | 5040 |
| Altar of Storms | 1 | 180 | / | 50 |
| Orc Burrow | 4 | 640 | / | 160 |
| War Mill | 1 | 205 | / | 0 |
| Voodoo Lounge | 3 | 390 | / | 90 |
| Great Hall | 2 | 770 | / | 370 |
| Beastiary | 2 | 290 | / | 280 |
| Stronghold | 1 | 315 | / | 190 |
| Fortress | 1 | 325 | / | 190 |
| total: | 76 | 9405g | / | 5990w |
| 0:04 | Peon |
| 0:09 | Altar of Storms |
| 0:17 | Peon |
| 0:20 | Orc Burrow |
| 0:28 | Peon |
| 0:37 | War Mill |
| 0:58 | Voodoo Lounge |
| 0:59 | Peon |
| 1:24 | Peon |
| 1:27 | Peon |
| 1:42 | Peon |
| 1:55 | Peon |
| 2:00 | Watch Tower |
| 2:03 | Watch Tower |
| 2:09 | Wind Walk |
| 2:15 | Peon |
| 2:21 | Watch Tower |
| 2:34 | Peon |
| 2:41 | Watch Tower |
| 3:15 | Stronghold |
| 3:27 | Watch Tower |
| 3:58 | Orc Burrow |
| 4:01 | Watch Tower |
| 4:09 | Healing Salve |
| 4:11 | Lesser Clarity Potion |
| 4:21 | Watch Tower |
| 4:30 | Staff of Teleportation |
| 4:36 | Boots of Speed |
| 5:22 | Watch Tower |
| 5:41 | Watch Tower |
| 6:24 | Fortress |
| 6:41 | Watch Tower |
| 6:41 | Watch Tower |
| 6:53 | Watch Tower |
| 7:22 | Voodoo Lounge |
| 7:26 | Voodoo Lounge |
| 7:31 | Shockwave |
| 8:53 | Watch Tower |
| 8:54 | Reinforced Defenses |
| 9:14 | Critical Strike |
| 9:31 | Beastiary |
| 9:33 | Beastiary |
| 9:39 | Healing Salve |
| 9:40 | Orb of Lightning |
| 9:50 | Healing Wave |
| 10:01 | Watch Tower |
| 10:01 | Watch Tower |
| 10:18 | Staff of Teleportation |
| 11:02 | Orc Burrow |
| 11:34 | Boots of Speed |
| 11:38 | Boots of Speed |
| 12:31 | Endurance Aura |
| 12:47 | Staff of Sanctuary |
| 13:20 | Potion of Healing |
| 13:20 | Potion of Healing |
| 13:23 | Potion of Mana |
| 13:35 | Potion of Mana |
| 14:07 | Watch Tower |
| 14:07 | Watch Tower |
| 14:11 | Hex |
| 15:00 | Liquid Fire |
| 15:01 | Troll Batrider |
| 15:02 | Steel Ranged Weapons |
| 15:02 | Steel Armor |
| 15:33 | Wind Walk |
| 16:03 | Watch Tower |
| 16:03 | Watch Tower |
| 16:04 | Watch Tower |
| 16:04 | Watch Tower |
| 16:53 | Shockwave |
| 17:21 | Troll Batrider |
| 18:00 | Healing Wave |
| 18:06 | Great Hall |
| 18:16 | Watch Tower |
| 18:16 | Watch Tower |
| 18:17 | Watch Tower |
| 18:17 | Watch Tower |
| 18:18 | Watch Tower |
| 18:18 | Watch Tower |
| 18:19 | Watch Tower |
| 18:19 | Watch Tower |
| 18:20 | Watch Tower |
| 18:20 | Watch Tower |
| 18:21 | Watch Tower |
| 18:22 | Watch Tower |
| 18:22 | Watch Tower |
| 18:23 | Watch Tower |
| 18:23 | Watch Tower |
| 18:24 | Watch Tower |
| 19:01 | Orb of Lightning |
| 19:40 | Staff of Sanctuary |
| 20:02 | Watch Tower |
| 20:03 | Watch Tower |
| 20:03 | Watch Tower |
| 20:04 | Watch Tower |
| 20:14 | Watch Tower |
| 20:20 | Staff of Sanctuary |
| 20:23 | Staff of Teleportation |
| 22:05 | Watch Tower |
| 22:21 | Peon |
| 22:21 | Peon |
| 22:21 | Peon |
| 22:21 | Peon |
| 22:28 | Watch Tower |
| 22:29 | Watch Tower |
| 22:29 | Watch Tower |
| 22:29 | Watch Tower |
| 22:30 | Watch Tower |
| 22:30 | Watch Tower |
| 22:31 | Watch Tower |
| 22:31 | Watch Tower |
| 22:31 | Watch Tower |
| 22:32 | Watch Tower |
| 25:13 | Critical Strike |
| 26:59 | Endurance Aura |
| 27:52 | Hex |
| 28:03 | Troll Batrider |
| 28:07 | Orc Burrow |
| 29:15 | Troll Batrider |
| 29:15 | Troll Batrider |
| 30:46 | Great Hall |
| 30:48 | Watch Tower |
| 30:49 | Watch Tower |
| 30:49 | Watch Tower |
| 30:50 | Watch Tower |
| 30:50 | Watch Tower |
| 30:50 | Watch Tower |
| 30:51 | Watch Tower |
| 30:52 | Watch Tower |
| 30:53 | Watch Tower |
| 30:54 | Watch Tower |
| Right click | 3017 |
| Select group | 627 |
| Select | 523 |
| Build/train/purchase | 112 |
| Use ability | 87 |
| Chat | 44 |
| Assign group | 15 |
| Minimap ping | 6 |
| Resource trade | 5 |
| Item give/drop | 4 |
| Misc. action | 2 |
| Remove unit | 2 |



| Scroll of Regeneration | 3 | 300 |
| Potion of Healing | 2 | 300 |
| Ivory Tower | 5 | 200 |
| Orb of Fire | 1 | 325 |
| Staff of Sanctuary | 3 | 750 |
| Staff of Teleportation | 1 | 150 |
| Periapt of Vitality | 2 | 650 |
| Circlet of Nobility | 1 | 175 |
| Boots of Speed | 1 | 250 |
| Orb of Lightning | 1 | 375 |
| total: | 20 | 3475g |
| Peasant | 26 | 1950 | / | 0 |
| total: | 26 | 1950g | / | 0w |
| Scout Tower | 80 | 2400 | / | 1600 |
| Arcane Tower | 3 | 210 | / | 150 |
| Guard Tower | 52 | 3640 | / | 2600 |
| Altar of Kings | 1 | 180 | / | 50 |
| Farm | 5 | 400 | / | 100 |
| Lumber Mill | 1 | 120 | / | 0 |
| Arcane Vault | 1 | 130 | / | 30 |
| Town Hall | 2 | 770 | / | 410 |
| Blacksmith | 1 | 140 | / | 60 |
| Barracks | 1 | 160 | / | 60 |
| Arcane Sanctum | 1 | 150 | / | 140 |
| Keep | 1 | 320 | / | 210 |
| Castle | 1 | 360 | / | 210 |
| total: | 93 | 4450g | / | 2450w |
| 0:02 | Peasant |
| 0:05 | Altar of Kings |
| 0:14 | Peasant |
| 0:27 | Peasant |
| 0:33 | Farm |
| 0:43 | Peasant |
| 0:50 | Peasant |
| 1:07 | Peasant |
| 1:20 | Lumber Mill |
| 1:32 | Scout Tower |
| 1:51 | Peasant |
| 1:53 | Peasant |
| 2:04 | Scout Tower |
| 2:08 | Blizzard |
| 2:13 | Peasant |
| 2:14 | Arcane Tower |
| 2:34 | Guard Tower |
| 2:35 | Scout Tower |
| 2:43 | Scout Tower |
| 2:46 | Scout Tower |
| 3:07 | Guard Tower |
| 3:08 | Scout Tower |
| 3:10 | Peasant |
| 3:14 | Farm |
| 3:15 | Farm |
| 3:18 | Improved Masonry |
| 3:32 | Guard Tower |
| 3:58 | Peasant |
| 3:58 | Peasant |
| 4:03 | Arcane Vault |
| 4:11 | Peasant |
| 4:15 | Brilliance Aura |
| 4:16 | Guard Tower |
| 4:51 | Scroll of Regeneration |
| 5:24 | Peasant |
| 5:25 | Peasant |
| 5:29 | Scout Tower |
| 5:30 | Scout Tower |
| 5:33 | Scout Tower |
| 5:54 | Town Hall |
| 6:03 | Arcane Tower |
| 6:03 | Guard Tower |
| 6:07 | Scout Tower |
| 6:10 | Peasant |
| 6:11 | Peasant |
| 6:36 | Guard Tower |
| 6:39 | Scout Tower |
| 7:08 | Guard Tower |
| 7:09 | Peasant |
| 7:09 | Peasant |
| 7:16 | Scout Tower |
| 7:18 | Scroll of Regeneration |
| 7:22 | Blizzard |
| 7:25 | Keep |
| 7:30 | Peasant |
| 8:50 | Guard Tower |
| 8:51 | Scout Tower |
| 8:52 | Scout Tower |
| 8:52 | Scout Tower |
| 8:53 | Scout Tower |
| 8:56 | Peasant |
| 9:00 | Farm |
| 9:00 | Farm |
| 9:32 | Guard Tower |
| 9:46 | Scout Tower |
| 9:46 | Scout Tower |
| 9:47 | Guard Tower |
| 9:50 | Scout Tower |
| 9:51 | Scout Tower |
| 10:07 | Arcane Sanctum |
| 10:09 | Scroll of Regeneration |
| 10:15 | Guard Tower |
| 10:18 | Scout Tower |
| 10:18 | Scout Tower |
| 10:21 | Advanced Masonry |
| 10:21 | Improved Lumber Harvesting |
| 10:23 | Castle |
| 10:50 | Guard Tower |
| 10:52 | Scout Tower |
| 10:52 | Scout Tower |
| 10:53 | Scout Tower |
| 10:53 | Scout Tower |
| 10:54 | Scout Tower |
| 10:54 | Scout Tower |
| 10:56 | Peasant |
| 10:57 | Peasant |
| 11:01 | Storm Bolt |
| 11:39 | Potion of Healing |
| 11:54 | Scout Tower |
| 11:55 | Scout Tower |
| 12:01 | Ivory Tower |
| 12:01 | Ivory Tower |
| 12:01 | Ivory Tower |
| 12:42 | Potion of Healing |
| 12:55 | Orb of Fire |
| 12:59 | Orb of Lightning |
| 13:35 | Guard Tower |
| 13:56 | Peasant |
| 14:01 | Imbued Masonry |
| 14:05 | Magic Sentry |
| 14:07 | Scout Tower |
| 14:08 | Scout Tower |
| 14:14 | Ivory Tower |
| 14:15 | Ivory Tower |
| 14:25 | Guard Tower |
| 14:27 | Guard Tower |
| 14:31 | Scout Tower |
| 14:55 | Holy Light |
| 15:01 | Guard Tower |
| 15:06 | Staff of Sanctuary |
| 15:11 | Scout Tower |
| 15:11 | Scout Tower |
| 15:12 | Scout Tower |
| 15:13 | Scout Tower |
| 15:18 | Scout Tower |
| 15:21 | Staff of Teleportation |
| 15:21 | Periapt of Vitality |
| 15:22 | Circlet of Nobility |
| 15:22 | Boots of Speed |
| 15:43 | Peasant |
| 15:59 | Guard Tower |
| 16:01 | Scout Tower |
| 16:01 | Scout Tower |
| 16:02 | Scout Tower |
| 16:56 | Brilliance Aura |
| 17:05 | Guard Tower |
| 17:19 | Scout Tower |
| 17:19 | Scout Tower |
| 17:20 | Scout Tower |
| 17:23 | Bash |
| 17:26 | Staff of Sanctuary |
| 17:38 | Scout Tower |
| 17:39 | Scout Tower |
| 17:40 | Scout Tower |
| 17:41 | Scout Tower |
| 17:42 | Scout Tower |
| 17:43 | Scout Tower |
| 17:44 | Scout Tower |
| 17:44 | Scout Tower |
| 17:45 | Scout Tower |
| 18:08 | Divine Shield |
| 18:27 | Guard Tower |
| 18:52 | Periapt of Vitality |
| 18:57 | Peasant |
| 19:00 | Advanced Lumber Harvesting |
| 19:02 | Blacksmith |
| 19:04 | Barracks |
| 19:08 | Sorceress Adept Training |
| 19:22 | Guard Tower |
| 19:38 | Guard Tower |
| 19:40 | Scout Tower |
| 19:40 | Scout Tower |
| 20:07 | Scout Tower |
| 20:22 | Guard Tower |
| 21:57 | Guard Tower |
| 22:00 | Scout Tower |
| 22:01 | Scout Tower |
| 22:02 | Scout Tower |
| 22:17 | Sorceress Master Training |
| 22:28 | Studded Leather Armor |
| 22:37 | Staff of Sanctuary |
| 22:45 | Guard Tower |
| 22:47 | Scout Tower |
| 22:47 | Scout Tower |
| 22:48 | Scout Tower |
| 23:17 | Guard Tower |
| 24:24 | Storm Bolt |
| 25:01 | Holy Light |
| 25:23 | Scout Tower |
| 25:24 | Scout Tower |
| 25:25 | Scout Tower |
| 25:26 | Scout Tower |
| 25:26 | Scout Tower |
| 25:27 | Scout Tower |
| 26:28 | Scout Tower |
| 26:28 | Scout Tower |
| 26:28 | Scout Tower |
| 27:29 | Guard Tower |
| 27:31 | Scout Tower |
| 27:32 | Scout Tower |
| 27:33 | Scout Tower |
| 27:56 | Blizzard |
| 28:01 | Guard Tower |
| 28:18 | Scout Tower |
| 28:19 | Scout Tower |
| 28:19 | Scout Tower |
| 28:20 | Scout Tower |
| 28:21 | Scout Tower |
| 28:22 | Scout Tower |
| 28:52 | Guard Tower |
| 29:26 | Guard Tower |
| 29:38 | Town Hall |
| 31:13 | Divine Shield |
| 31:32 | Bash |
| Right click | 2040 |
| Select | 1271 |
| Select group | 525 |
| Assign group | 179 |
| Build/train/purchase | 173 |
| Use ability | 116 |
| Minimap ping | 12 |
| Misc. action | 11 |
| Resource trade | 10 |
| Item give/drop | 5 |
| Esc | 3 |



| Potion of Healing | 1 | 150 |
| Potion of Mana | 1 | 200 |
| Staff of Sanctuary | 3 | 750 |
| Orb of Fire | 1 | 325 |
| Boots of Speed | 3 | 750 |
| Staff of Teleportation | 3 | 450 |
| Circlet of Nobility | 1 | 175 |
| Healing Salve | 1 | 100 |
| Orb of Lightning | 2 | 750 |
| total: | 16 | 3650g |
| Peasant | 14 | 1050 | / | 0 |
| Priest | 2 | 270 | / | 20 |
| total: | 16 | 1320g | / | 20w |
| Scout Tower | 66 | 1980 | / | 1320 |
| Arcane Tower | 8 | 560 | / | 400 |
| Guard Tower | 25 | 1750 | / | 1250 |
| Altar of Kings | 1 | 180 | / | 50 |
| Farm | 6 | 480 | / | 120 |
| Lumber Mill | 1 | 120 | / | 0 |
| Arcane Vault | 1 | 130 | / | 30 |
| Town Hall | 1 | 385 | / | 205 |
| Arcane Sanctum | 1 | 150 | / | 140 |
| Keep | 2 | 640 | / | 420 |
| Castle | 1 | 360 | / | 210 |
| total: | 77 | 3425g | / | 1865w |
| 0:03 | Peasant |
| 0:08 | Altar of Kings |
| 0:19 | Farm |
| 0:20 | Peasant |
| 0:37 | Lumber Mill |
| 0:39 | Peasant |
| 0:50 | Peasant |
| 0:57 | Peasant |
| 1:12 | Peasant |
| 1:19 | Farm |
| 1:28 | Scout Tower |
| 1:29 | Scout Tower |
| 1:32 | Peasant |
| 1:38 | Peasant |
| 1:48 | Improved Masonry |
| 1:53 | Peasant |
| 1:56 | Arcane Tower |
| 2:09 | Storm Bolt |
| 2:14 | Arcane Vault |
| 2:19 | Peasant |
| 2:19 | Peasant |
| 2:23 | Scout Tower |
| 2:43 | Peasant |
| 2:44 | Guard Tower |
| 2:59 | Peasant |
| 3:18 | Guard Tower |
| 3:19 | Scout Tower |
| 3:20 | Scout Tower |
| 3:25 | Peasant |
| 3:38 | Scout Tower |
| 4:03 | Bash |
| 4:15 | Guard Tower |
| 4:15 | Guard Tower |
| 4:38 | Keep |
| 4:44 | Arcane Tower |
| 4:48 | Scout Tower |
| 5:29 | Scout Tower |
| 5:30 | Guard Tower |
| 5:59 | Scout Tower |
| 6:00 | Scout Tower |
| 6:09 | Boots of Speed |
| 6:09 | Staff of Teleportation |
| 6:23 | Farm |
| 6:47 | Storm Bolt |
| 7:07 | Guard Tower |
| 7:09 | Scout Tower |
| 7:09 | Scout Tower |
| 7:21 | Advanced Masonry |
| 7:21 | Improved Lumber Harvesting |
| 7:24 | Arcane Sanctum |
| 7:52 | Castle |
| 7:58 | Guard Tower |
| 8:02 | Scout Tower |
| 8:03 | Scout Tower |
| 8:03 | Scout Tower |
| 8:04 | Scout Tower |
| 8:05 | Guard Tower |
| 8:14 | Holy Light |
| 8:47 | Boots of Speed |
| 8:47 | Staff of Teleportation |
| 8:55 | Farm |
| 8:59 | Guard Tower |
| 8:59 | Guard Tower |
| 9:27 | Magic Sentry |
| 9:30 | Priest Adept Training |
| 9:30 | Priest |
| 9:48 | Arcane Tower |
| 9:52 | Guard Tower |
| 9:54 | Scout Tower |
| 9:55 | Scout Tower |
| 10:23 | Imbued Masonry |
| 10:23 | Advanced Lumber Harvesting |
| 10:48 | Guard Tower |
| 10:50 | Scout Tower |
| 10:50 | Scout Tower |
| 11:06 | Divine Shield |
| 11:46 | Guard Tower |
| 11:47 | Scout Tower |
| 11:48 | Scout Tower |
| 12:04 | Priest Master Training |
| 12:16 | Banish |
| 13:34 | Healing Salve |
| 13:50 | Potion of Healing |
| 13:51 | Potion of Mana |
| 14:10 | Orb of Lightning |
| 14:11 | Staff of Sanctuary |
| 14:25 | Bash |
| 14:47 | Scout Tower |
| 14:48 | Scout Tower |
| 14:49 | Arcane Tower |
| 14:49 | Guard Tower |
| 15:47 | Farm |
| 15:48 | Farm |
| 15:49 | Guard Tower |
| 15:50 | Holy Light |
| 17:07 | Scout Tower |
| 17:07 | Scout Tower |
| 17:29 | Boots of Speed |
| 17:29 | Staff of Teleportation |
| 17:33 | Circlet of Nobility |
| 17:53 | Orb of Fire |
| 18:16 | Orb of Lightning |
| 18:25 | Guard Tower |
| 18:27 | Scout Tower |
| 18:28 | Scout Tower |
| 18:51 | Siphon Mana |
| 19:18 | Priest |
| 19:26 | Scout Tower |
| 19:28 | Scout Tower |
| 19:30 | Scout Tower |
| 19:30 | Scout Tower |
| 19:31 | Scout Tower |
| 22:31 | Arcane Tower |
| 23:20 | Scout Tower |
| 23:21 | Scout Tower |
| 25:28 | Scout Tower |
| 25:29 | Scout Tower |
| 25:29 | Scout Tower |
| 25:30 | Scout Tower |
| 25:30 | Scout Tower |
| 25:32 | Arcane Tower |
| 25:32 | Guard Tower |
| 25:33 | Scout Tower |
| 25:35 | Scout Tower |
| 25:48 | Siphon Mana |
| 26:04 | Divine Shield |
| 26:16 | Guard Tower |
| 26:18 | Scout Tower |
| 26:19 | Scout Tower |
| 26:19 | Scout Tower |
| 26:20 | Scout Tower |
| 26:21 | Storm Bolt |
| 27:02 | Guard Tower |
| 27:04 | Scout Tower |
| 27:05 | Scout Tower |
| 27:05 | Scout Tower |
| 27:06 | Scout Tower |
| 27:07 | Scout Tower |
| 27:07 | Scout Tower |
| 27:08 | Scout Tower |
| 27:25 | Guard Tower |
| 27:26 | Scout Tower |
| 27:27 | Scout Tower |
| 27:29 | Guard Tower |
| 27:30 | Scout Tower |
| 27:31 | Scout Tower |
| 27:33 | Scout Tower |
| 27:33 | Scout Tower |
| 27:34 | Scout Tower |
| 27:48 | Guard Tower |
| 28:00 | Guard Tower |
| 28:13 | Guard Tower |
| 28:31 | Town Hall |
| 28:35 | Scout Tower |
| 28:35 | Scout Tower |
| 28:42 | Staff of Sanctuary |
| 28:47 | Arcane Tower |
| 29:03 | Staff of Sanctuary |
| 29:08 | Scout Tower |
| 29:08 | Scout Tower |
| 29:09 | Scout Tower |
| 29:09 | Scout Tower |
| 29:10 | Arcane Tower |
| 29:15 | Guard Tower |
| Right click | 2082 |
| Select group | 1643 |
| Select | 346 |
| Assign group | 267 |
| Use ability | 136 |
| Build/train/purchase | 108 |
| Misc. action | 41 |
| Chat | 16 |
| Item give/drop | 7 |